 Dungeon Crawl Stone Soup version 0.29.1-15-g9cfb28693d (webtiles) character file.

Game seed: 16703115117189556080

197636 Smoke131 the Unseen (level 17, 0/103 HPs)
             Began as a Vampire Enchanter on Feb 22, 2023.
             Was the Champion of Makhleb.
             Constricted to death by Jorgrun (14 damage)
             ... on level 2 of the Snake Pit.
             The game lasted 03:21:05 (44206 turns).

Smoke131 the Unseen (Vampire Enchanter)            Turns: 44206, Time: 03:21:06

Health: 0/103      AC: 20    Str:  7    XL:     17   Next: 78%
Magic:  22/26      EV: 18    Int: 20    God:    Makhleb [******]
Gold:   3727       SH: 15    Dex: 32    Spells: 8/28 levels left

rFire   + . .      SeeInvis +   a - +4 dagger (vorpal)
rCold   + + .      Faith    .   g - +1 buckler
rNeg    + + +      Spirit   .   K - +3 acid dragon scales
rPois   ∞          Reflect  +   O - +2 hood of the Assassin {Detection Stab+ Stlth++}
rElec   .          Harm     .   v - +2 cloak
rCorr   +          Rampage  +   J - +4 pair of gloves of Moral Flaws {Rampage SInv}
Will    +....                   F - +0 pair of boots of Pleasant Breezes {rF+} Stlth *+++++++++
                                f - amulet of reflection
HPRegen 0.00/turn               i - +6 ring of dexterity
MPRegen 0.20/turn               G - +6 ring of dexterity

@: about to teleport, grasped by roots, bloodless, inhibited regen, constricted
A: bloodless, fangs 3, see invisible, vampiric 2
}: 1/15 runes: decaying
a: Bat Form, Revivify, Renounce Religion, Minor Destruction, Lesser Servant of
Makhleb, Major Destruction, Greater Servant of Makhleb


You were on level 2 of the Snake Pit.
You worshipped Makhleb.
Makhleb was exalted by your worship.
You visited 6 branches of the dungeon, and saw 29 of its levels.
You also visited: Gauntlet.

You collected 4360 gold pieces.
You spent 633 gold pieces at shops.

Inventory:

Hand Weapons
 a - a +4 vorpal dagger (weapon)
 y - a +1 dagger of venom
 B - a +2 vorpal long sword
Missiles
 x - 3 throwing nets (quivered)
Armour
 g - a +1 buckler (worn)
 v - a +2 cloak (worn)
 F - the +0 pair of boots of Pleasant Breezes (worn) {rF+}
   (You found it on level 5 of the Lair of Beasts)

   rF:        It protects you from fire.
 J - the +4 pair of gloves of Moral Flaws (worn) {Rampage SInv}
   (You found it in a Gauntlet)

   SInv:      It lets you see invisible.
   Rampage:   It bestows one free step when moving towards enemies.
 K - +3 acid dragon scales (worn)
 O - the +2 hood of the Assassin (worn) {Detection Stab+ Stlth++}
   (You found it in a Gauntlet)

   It allows the wearer to sense nearby creatures.
   It allows the wearer to make particularly effective stabbing attacks against
   helpless or unaware enemies with any weapon.
   Stlth:     It makes you much more stealthy.
 R - the +0 cloak of the Turtle {rElec rCorr Str+2}
   (You bought it in a shop on level 2 of the Orcish Mines)

   Str:       It affects your strength (+2).
   rElec:     It insulates you from electricity.
   rCorr:     It protects you from acid and corrosion.
 X - a +2 kite shield
Jewellery
 f - an amulet of reflection (around neck)
 i - a +6 ring of dexterity (left hand)
 m - a +4 ring of protection
 o - the ring of Psychosis {Drain +Blink Fly rN+ Dex+2}
   (You found it on level 1 of the Snake Pit)

   [ring of positive energy]

   Dex:       It affects your dexterity (+2).
   rN:        It protects you from negative energy.
   Fly:       It grants you flight.
   +Blink:    It lets you blink.
   Drain:     It drains your maximum health when unequipped.
 C - a ring of protection from fire
 E - a +6 ring of intelligence
 G - a +6 ring of dexterity (right hand)
 I - an amulet of the acrobat
 N - an amulet of regeneration
 S - a ring of wizardry
 T - an amulet of magic regeneration
 Y - a ring of magical power
Wands
 d - a wand of flame (16)
 j - a wand of polymorph (4)
 n - a wand of charming (58)
 q - a wand of light (26)
 P - a wand of digging (6)
 U - a wand of iceblast (28)
 W - a wand of mindburst (14)
Scrolls
 b - 2 scrolls of silence
 c - 6 scrolls of amnesia
 h - 2 scrolls of teleportation
 k - 9 scrolls of poison
 l - 7 scrolls of fog
 w - a scroll of magic mapping
 L - 3 scrolls of brand weapon
 Q - a scroll of fear
Potions
 e - 8 potions of curing
 p - 11 potions of ambrosia
 r - 4 potions of flight
 s - 4 potions of mutation
 t - 2 potions of brilliance
 u - 3 potions of might
 D - a potion of magic
 H - 4 potions of cancellation
 M - 3 potions of resistance


   Skills:
 + Level 10.6 Fighting
 + Level 10.9 Short Blades
 + Level 10.9 Dodging
 - Level 15.0 Stealth
 - Level 10.0 Shields
 + Level 6.2 Spellcasting
 - Level 15.0 Hexes
 - Level 8.0 Transmutations
 - Level 10.0 Ice Magic
 - Level 9.0 Air Magic
 - Level 8.0 Earth Magic
 - Level 11.0 Invocations


You had 8 spell levels left.
You knew the following spells:

 Your Spells              Type           Power      Damage    Failure   Level
a - Ensorcelled Hibernat  Hex/Ice        100%       N/A       1%          2
b - Confusing Touch       Hex            60%        N/A       1%          3
c - Tukima's Dance        Hex            60%        N/A       1%          3
d - Dazzling Flash        Conj/Hex       72%        N/A       3%          3
e - Cause Fear            Hex            30%        N/A       1%          4
s - Swiftness             Air            42%        N/A       1%          3
w - Passwall              Tmut/Erth      31%        N/A       1%          2

Your spell library contained the following spells:

 Spells                   Type           Power      Damage    Failure   Level
 Freeze                   Ice            100%       1d11      1%          1
 Sandblast                Erth           76%        2d16      1%          1
 Frozen Ramparts          Ice            92%        1d14      1%          3
 Leda's Liquefaction      Hex/Erth       25%        N/A       1%          4
 Shock                    Conj/Air       96%        1d9       3%          1
 Portal Projectile        Hex/Tloc       72%        N/A       3%          3
 Summon Guardian Golem    Hex/Summ       36%        N/A       3%          3
 Sting                    Tmut/Pois      88%        1d7       4%          1
 Poisonous Vapours        Pois/Air       48%        N/A       5%          2
 Airstrike                Air            21%        2d(3-19)  6%          4
 Yara's Violent Unravell  Hex/Tmut       25%        3d11      6%          5
 Stone Arrow              Conj/Erth      44%        3d9       14%         3
 Apportation              Tloc           12%        N/A       24%         1
 Necrotise                Necr           24%        1d5       24%         1
 Summon Small Mammal      Summ           24%        N/A       24%         1
 Lee's Rapid Deconstruct  Erth           19%        3d12*     24%         5
 Hailstorm                Conj/Ice       26%        3d7       30%         4
 Call Canine Familiar     Summ           6%         N/A       56%         3
 Vampiric Draining        Necr           6%         2d6       56%         3
 Alistair's Intoxication  Tmut/Pois      14%        N/A       77%         5
 Statue Form              Tmut/Erth      25%        N/A       80%         6
 Olgreb's Toxic Radiance  Pois           6%         N/A       93%         4
 Passage of Golubria      Tloc           6%         N/A       93%         4
 Agony                    Necr           6%         N/A       100%        5
 Dragon Form              Tmut           19%        N/A       100%        7
 Dragon's Call            Summ           3%         N/A       100%        9


Dungeon Overview and Level Annotations

Branches:
Dungeon (15/15)            Temple (1/1) D:7            Lair (5/5) D:11
  Swamp (4/4) Lair:3        Snake (2/4) Lair:2        Slime (0/5) Lair:4
    Orc (2/2) D:12            Elf (0/3) Orc:2        Vaults (0/5) D:14
 Depths (0/4) D:15        Gauntlet (visited)

Altars:
Ashenzari
Cheibriados
Dithmenos
Fedhas
Gozag
Hepliaklqana
Kikubaaqudgha
Makhleb
Nemelex Xobeh
Okawaru
Qazlal
Ru
Sif Muna
Trog
Uskayaw
Vehumet
Wu Jian
Xom
Yredelemnul
Jiyva

Shops:
D:9 [   Orc:2 :?[=   Snake:1 :

Annotations:
D:13 1 runed translucent door, exclusion: orange crystal statue
Snake:2 2 transporters, exclusion: obsidian statue, Jorgrun


Innate Abilities, Weirdness & Mutations

You do not regenerate when monsters are visible.
You are frail without blood (-20% HP).
You can heal yourself when you bite living creatures.
You are immune to poison.
You have razor-sharp teeth.
You have supernaturally acute eyesight. (SInv)
You are afflicted with vampirism and can become a bat while bloodless.


Message History

The grasping roots constrict you!
Casting: Confusing Touch (safe; 1% risk of failure)
Confirm with . or Enter, or press ? or * to list all spells.
Casting: Dazzling Flash (mildly dangerous; 3% risk of failure)
Press: ? - help, Dir - look around, f - activate Jorgrun hits you with a +0 vorpal quarterstaff!
The grasping roots constrict you.
You barely miss Jorgrun. You block Jorgrun's attack.
The grasping roots constrict you!!
You hit Jorgrun but do no damage. You bite Jorgrun.
You draw Jorgrun's blood!
You feel better.
Jorgrun is lightly wounded.
You hit Jorgrun but do no damage.
Jorgrun is lightly wounded.
Jorgrun completely misses you. The grasping roots constrict you.
You hit Jorgrun but do no damage. You bite Jorgrun, but do no damage.
Jorgrun is lightly wounded.
You barely miss Jorgrun.
Jorgrun is lightly wounded.
Jorgrun casts a spell at you. You resist with some effort.
The grasping roots constrict you!
You feel much better.
Your hands stop glowing.
You block Jorgrun's attack. The grasping roots constrict you!
Aiming: Major Destruction (1% risk of failure)
Press: ? - help, Shift-Dir - straight line, f - Jorgrun
Aim: Jorgrun, wielding a +0 vorpal quarterstaff and wearing a +2 robe of willpower (lightly wounded)
The bolt of fire hits Jorgrun!!
Jorgrun is lightly wounded.
Jorgrun hits you with a +0 vorpal quarterstaff!
The grasping roots constrict you.
As you read the scroll of teleportation, it crumbles to dust.
You feel strangely unstable. Jorgrun casts a spell at you.
The iron shot misses you. The grasping roots constrict you!
* * * LOW HITPOINT WARNING * * *
As you read the scroll of fear, it crumbles to dust.
You assume a fearsome visage.
Jorgrun resists with almost no effort.
Jorgrun hits you but does no damage. The grasping roots constrict you!
You die...

..†............. ...# #
....#....................# #
..####...................^# ##
.## #............... .....## ##.
## ....#.......... .....###.. #
##....####....... #.......
###....## #..... #...... ......#
#.g.# #..[### ...... #..@## #..##
.....# ##...# ####..#### .##..#
#..#.# ##......... .N..)##
##..#.# #..######## ......####
#...#.##.##....... #..).....#
##..##.#.#8....... .#.#..####
#...##..#($...... #.#.#....####
#...(#..#[[......
##.#........######...).©#©$.N8.©.


You could see Jorgrun.

Vanquished Creatures
  Gastronok (D:9)
  Kirke (Swamp:1)
  A thorn hunter (Swamp:4)
  Donald (Swamp:1)
  A nagaraja (Snake:2)
  Louise (D:14)
  The ghost of fitz the Severer, a journeyman FoFi of Hepliaklqana (Lair:5)
  An orc warlord (Orc:2)
  A hydra skeleton (Swamp:4)
  7 eleionomae
  2 vampire knights (Swamp:4)
  A minotaur (Gauntlet)
  5 bunyips
  Snorg (D:13)
  3 shambling mangroves
  2 fire dragons (D:15)
  17 hydras
  4 boulder beetles
  Erica (D:9)
  Erolcha (D:13)
  2 ghost crabs
  8 centaur warriors
  9 two-headed ogres
  5 naga warriors
  An anaconda (Snake:1)
  2 death yaks (Lair:2)
  10 alligators
  4 orc high priests (Orc:2)
  Sonja (Lair:3)
  Urug (D:13)
  A thrashing horror (Gauntlet)
  5 naga sharpshooters
  A shock serpent (Snake:2)
  10 skeletal warriors
  5 spriggan druids
  9 goliath frogs
  2 spectral hydras (Swamp:4)
  2 flayed ghosts (Swamp:4)
  2 bog bodies
  A naga ritualist (Snake:2)
  8 swamp dragons
  A phantasmal warrior (Swamp:4)
  A wizard (D:15)
  Pikel (D:8)
  4 orc knights
  3 salamanders
  3 oklob plants (Swamp:4)
  8 cyclopes
  2 moths of wrath (Lair:5)
  5 ugly things
  2 mana vipers
  A deep elf pyromancer (D:14)
  3 will-o-the-wisps
  4 elephants (Lair:5)
  5 orc sorcerers
  7 manticores
  17 black mambas
  A guardian serpent (Snake:2)
  2 naga magi
  Maurice (D:8)
  3 torpor snails
  An unseen horror (D:12)
  4 centaur skeletons (D:14)
  11 cane toads
  A rime drake (Lair:1)
  8 komodo dragons
  4 yaktaurs (D:14)
  A freezing wraith (Swamp:4)
  2 kobold demonologists
  A komodo dragon (shapeshifter) (D:13)
  3 death drake zombies (Swamp:4)
  A queen bee (Lair:3)
  2 tyrant leeches (Swamp:1)
  Grinder (D:4)
  14 hornets
  A troll (shapeshifter) (D:15)
  5 polar bears
  4 slime creatures (D:12)
  6 trolls
  2 dream sheep (Lair:5)
  19 blink frogs
  2 shadows (D:8)
  18 spriggans
  2 vampires
  5 wyverns
  2 wraiths (D:11)
  39 yaks
  3 hogs (Swamp:1)
  6 basilisks
  6 vampire mosquitoes
  A steam dragon (Lair:2)
  A redback simulacrum (D:14)
  Menkaure (D:6)
  12 nagas
  19 swamp worms
  2 acid dragons
  4 hydra simulacra (Swamp:4)
  11 wargs
  18 water moccasins
  43 orc warriors
  An ice beast (shapeshifter) (D:14)
  5 swamp drakes
  2 ice beasts
  5 sky beasts (D:7)
  5 black bears
  A swamp dragon zombie (Swamp:4)
  25 wolves
  4 boggarts (Lair:5)
  15 centaurs
  7 ogres
  2 swamp dragon skeletons (Swamp:4)
  A lemure (D:8)
  A phantom (D:5)
  5 kobold brigands
  3 scorpions
  15 bullfrogs
  3 gnoll sergeants
  A necrophage (D:5)
  11 wights
  2 small abominations (Gauntlet)
  31 killer bees
  12 howler monkeys
  7 electric eels
  29 orc priests
  3 jellies
  4 hounds
  8 iguanas
  Natasha (thrice) (D:2)
  19 orc wizards
  6 adders
  16 gnolls
  2 shadow imps (D:7)
  3 white imps
  An ufetubus (D:7)
  5 dart slugs
  93 orcs
  5 ball pythons
  5 bats
  6 endoplasms
  2 giant cockroaches
  11 goblins
  9 hobgoblins
  10 jackals
  33 kobolds
  6 quokkas
  A frilled lizard (D:1)
  3 rats
949 creatures vanquished.

Vanquished Creatures (others)
  A bloated husk (Swamp:2)
  A kobold brigand (D:14)
  3 demonic plants (Gauntlet)
  30 fungi
  134 plants
169 creatures vanquished.

Grand Total: 1118 creatures vanquished

Notes
Turn   | Place    | Note
-------+----------+-------------------------------------------
     0 | D:1      | Smoke131 the Vampire Enchanter began the quest for the Orb.
     0 | D:1      | Reached XP level 1. HP: 13/13 MP: 3/3
   373 | D:1      | Found a faded altar of an unknown god.
   395 | D:1      | Reached XP level 2. HP: 15/15 MP: 5/5
   398 | D:1      | Learned a level 2 spell: Ensorcelled Hibernation
   977 | D:1      | Gained mutation: You are afflicted with vampirism and can
                  | become a bat while bloodless. [Vampire growth]
   977 | D:1      | Reached XP level 3. HP: 20/20 MP: 6/6
  1277 | D:2      | Learned a level 3 spell: Confusing Touch
  1411 | D:2      | Noticed Natasha
  1426 | D:2      | Killed Natasha
  1427 | D:2      | Reached skill level 5 in Stealth
  1427 | D:2      | Reached XP level 4. HP: 16/24 MP: 7/7
  1606 | D:2      | Reached skill level 1 in Shields
  1625 | D:2      | Noticed Natasha
  1633 | D:2      | Killed Natasha
  1634 | D:2      | Reached skill level 1 in Fighting
  1699 | D:2      | Reached skill level 5 in Hexes
  1871 | D:2      | Noticed Natasha
  1873 | D:2      | Killed Natasha
  2300 | D:3      | Reached XP level 5. HP: 29/29 MP: 8/8
  2740 | D:3      | Found a sparkling altar of Nemelex Xobeh.
  2741 | D:3      | Found a basalt altar of Yredelemnul.
  3210 | D:4      | Noticed a black bear
  3214 | D:4      | Killed a black bear
  3270 | D:4      | Reached XP level 6. HP: 34/34 MP: 10/10
  3374 | D:4      | Learned a level 3 spell: Tukima's Dance
  3805 | D:4      | Noticed Grinder
  3813 | D:4      | Paralysed by Grinder for 4 turns
  3823 | D:4      | Killed Grinder
  3824 | D:4      | Reached skill level 1 in Ice Magic
  3824 | D:4      | Reached XP level 7. HP: 40/40 MP: 8/12
  4213 | D:5      | Entered Level 5 of the Dungeon
  4218 | D:5      | Learned a level 3 spell: Dazzling Flash
  4751 | D:5      | Reached XP level 8. HP: 45/45 MP: 13/13
  5040 | D:5      | Found a hazy altar of Hepliaklqana.
  5540 | D:6      | Found an ancient bone altar of Kikubaaqudgha.
  5713 | D:6      | Found a shimmering blue altar of Sif Muna.
  5717 | D:6      | Found a burning altar of Makhleb.
  6359 | D:6      | Found an ornate altar of the Wu Jian Council.
  6458 | D:6      | Noticed Menkaure
  6462 | D:6      | Killed Menkaure
  6519 | D:6      | Noticed a spectral centipede
  6519 | D:6      | Noticed a spectral black mamba
  6656 | D:7      | Reached skill level 5 in Dodging
  6808 | D:7      | Reached XP level 9. HP: 51/51 MP: 10/15
  6990 | D:7      | Reached skill level 5 in Short Blades
  7621 | D:7      | Reached skill level 5 in Spellcasting
  7848 | D:7      | Found a staircase to the Ecumenical Temple.
  7865 | Temple   | Entered the Ecumenical Temple
  8576 | D:8      | Noticed Maurice
  8863 | D:8      | Killed Maurice
  8864 | D:8      | Reached XP level 10. HP: 58/58 MP: 17/17
  8917 | D:8      | Noticed Pikel
  8987 | D:8      | Killed Pikel
  9015 | D:8      | Noticed a seven-headed hydra
  9019 | D:8      | Killed a seven-headed hydra
  9020 | D:8      | Reached skill level 5 in Fighting
  9020 | D:8      | Reached skill level 10 in Stealth
  9020 | D:8      | Reached skill level 5 in Ice Magic
  9835 | D:6      | Became a worshipper of Makhleb the Destroyer
 10049 | D:9      | Reached skill level 10 in Hexes
 10049 | D:9      | Reached skill level 1 in Invocations
 10259 | D:9      | Noticed a two-headed ogre
 10262 | D:9      | Killed a two-headed ogre
 10316 | D:9      | Noticed a manticore
 10316 | D:9      | Noticed Erica
 10366 | D:9      | Noticed a two-headed ogre
 10390 | D:9      | Noticed a centaur warrior
 10517 | D:9      | Noticed a centaur warrior
 10520 | D:9      | Killed a centaur warrior
 10521 | D:9      | Reached XP level 11. HP: 64/64 MP: 15/18
 10542 | D:9      | Killed Erica
 10592 | D:9      | Reached * piety under Makhleb
 10825 | D:9      | Noticed a two-headed ogre
 11169 | D:9      | Killed a two-headed ogre
 11247 | D:9      | Noticed a skeletal warrior
 11308 | D:9      | Killed a centaur warrior
 11339 | D:9      | Killed a skeletal warrior
 11503 | D:9      | Noticed a boulder beetle
 11552 | D:9      | Killed a boulder beetle
 11581 | D:9      | Killed a two-headed ogre
 11806 | D:9      | Found Yleetidau's Armour Shoppe.
 11816 | D:9      | Noticed Gastronok
 11819 | D:9      | Reached ** piety under Makhleb
 11836 | D:9      | Killed Gastronok
 11837 | D:9      | Reached XP level 12. HP: 72/72 MP: 14/19
 11902 | D:9      | Bought a +2 pair of gloves of strength for 301 gold pieces
 11970 | D:9      | Identified the +4 sling "Hautwo" {vorpal, rF++ Dex-2}
 12010 | D:9      | Reached skill level 5 in Invocations
 12294 | D:10     | Entered Level 10 of the Dungeon
 13705 | D:11     | Found a gate leading to a gauntlet.
 13716 | Gauntlet | Entered a Gauntlet
 13716 | Gauntlet | Found a transporter.
 13716 | Gauntlet | Found a transporter.
 13717 | Gauntlet | Found a transporter.
 13718 | Gauntlet | Found a transporter.
 13719 | Gauntlet | Found a transporter.
 13721 | Gauntlet | Found a transporter.
 13734 | Gauntlet | Found a transporter.
 13736 | Gauntlet | Found a transporter.
 13737 | Gauntlet | Found a transporter.
 13739 | Gauntlet | Found a transporter.
 13747 | Gauntlet | Found a transporter.
 13749 | Gauntlet | Found a transporter.
 14033 | Gauntlet | Identified the +4 pair of gloves of Moral Flaws {Rampage
                  | SInv}
 14073 | Gauntlet | Found the +2 hood of the Assassin {Detection Stab+ Stlth++}
 14073 | Gauntlet | Identified the ring of Eternal Harmony {Ice Will+ Int+3
                  | Dex+4}
 14073 | Gauntlet | Noticed a minotaur
 14080 | Gauntlet | Killed a minotaur
 14081 | Gauntlet | Reached skill level 10 in Dodging
 14314 | D:11     | Reached *** piety under Makhleb
 14544 | D:11     | Noticed a boulder beetle
 14899 | D:11     | Reached skill level 10 in Short Blades
 15049 | D:11     | Found a staircase to the Lair.
 15089 | D:11     | Killed a boulder beetle
 15309 | D:11     | Found a radiant altar of Vehumet.
 15330 | D:11     | Noticed a two-headed ogre
 15347 | D:11     | Killed a two-headed ogre
 15576 | Lair:1   | Entered Level 1 of the Lair of Beasts
 15715 | Lair:1   | Reached XP level 13. HP: 80/80 MP: 15/20
 15970 | Lair:1   | Reached **** piety under Makhleb
 16052 | Lair:1   | Reached skill level 10 in Fighting
 16716 | Lair:2   | Learned a level 2 spell: Passwall
 16720 | Lair:2   | Learned a level 3 spell: Swiftness
 16789 | Lair:2   | Found a staircase to the Snake Pit.
 17676 | Lair:3   | Reached skill level 10 in Invocations
 17681 | Lair:2   | Reached XP level 14. HP: 88/88 MP: 8/21
 18958 | Lair:3   | Noticed Sonja
 18963 | Lair:3   | Killed Sonja
 19134 | Lair:3   | Reached ***** piety under Makhleb
 19857 | Lair:2   | Reached skill level 5 in Transmutations
 20694 | Lair:3   | Reached skill level 5 in Air Magic
 20694 | Lair:3   | Reached skill level 5 in Earth Magic
 21023 | Lair:3   | Found a staircase to the Swamp.
 22265 | Lair:4   | Found a staircase to the Slime Pits.
 22266 | Lair:4   | Found a viscous altar of Jiyva.
 23362 | Lair:5   | Entered Level 5 of the Lair of Beasts
 23416 | Lair:4   | Reached XP level 15. HP: 78/92 MP: 14/22
 24011 | Lair:5   | Found a transporter.
 24012 | Lair:5   | Noticed fitz's ghost (journeyman FoFi)
 24071 | Lair:5   | Found a transporter.
 25504 | Lair:5   | Reached skill level 15 in Stealth
 25751 | Lair:5   | Killed fitz's ghost
 25765 | Lair:5   | Identified the +0 pair of boots of Pleasant Breezes {rF+}
 26506 | D:12     | Found a staircase to the Orcish Mines.
 26844 | Orc:1    | Entered Level 1 of the Orcish Mines
 26894 | Orc:1    | Reached ****** piety under Makhleb
 27028 | Orc:2    | Entered Level 2 of the Orcish Mines
 27912 | Orc:2    | Found a staircase to the Elven Halls.
 28221 | Orc:2    | Found Raxijeuno's Antique Armour Emporium.
 28505 | Orc:2    | Noticed an orc warlord
 28766 | Orc:2    | Killed an orc warlord
 29161 | Orc:2    | Found Ruraoc's Jewellery Boutique.
 29437 | Orc:2    | Found Emeupa's Book Boutique.
 29582 | Orc:2    | Found Vasch's Magic Scroll Shop.
 29961 | Orc:2    | Bought a faintly glowing cloak for 332 gold pieces
 29961 | Orc:2    | Identified the +0 cloak of the Turtle {rElec rCorr Str+2}
                  | (You bought it in a shop on level 2 of the Orcish Mines)
 30258 | Swamp:1  | Entered Level 1 of the Swamp
 30259 | Swamp:1  | Noticed Donald
 30261 | Swamp:1  | Killed Donald
 30344 | Swamp:1  | Identified the +2 helmet of Privacy {rN++ Will- rCorr
                  | Int+3}
 30471 | Swamp:1  | Reached XP level 16. HP: 97/97 MP: 20/24
 31830 | Swamp:2  | Reached skill level 5 in Shields
 32541 | Swamp:2  | Noticed Kirke
 32713 | Swamp:1  | Killed Kirke
 34777 | D:13     | Found a runed translucent door.
 34829 | D:13     | Noticed Erolcha
 34837 | D:13     | Killed Erolcha
 34882 | D:13     | Noticed Urug
 34893 | D:13     | Killed Urug
 34979 | D:13     | Noticed Snorg
 34983 | D:13     | Killed Snorg
 35395 | D:14     | Found a gate to the Vaults.
 36025 | D:14     | Identified a scroll of acquirement
 36026 | D:14     | Acquired 907 gold pieces
 36102 | D:14     | Noticed Louise
 36175 | D:14     | Killed Louise
 36387 | D:14     | Identified the +4 spear "Weaplael" {vorpal, rPois Will+
                  | Str-4}
 36807 | D:15     | Entered Level 15 of the Dungeon
 36926 | D:15     | Found a staircase to the Depths.
 37304 | D:15     | Reached XP level 17. HP: 102/102 MP: 20/25
 38158 | Swamp:4  | Entered Level 4 of the Swamp
 38535 | Swamp:4  | Reached skill level 10 in Ice Magic
 39471 | Swamp:4  | Reached skill level 15 in Hexes
 40440 | Swamp:4  | Found a blossoming altar of Fedhas.
 40604 | Swamp:4  | Found a basalt altar of Yredelemnul.
 40959 | Swamp:4  | Reached skill level 10 in Shields
 41076 | Swamp:4  | Got a decaying rune of Zot
 41256 | Snake:1  | Entered Level 1 of the Snake Pit
 41298 | Snake:1  | Found Xisumive's Book Shop.
 41356 | Snake:1  | Identified the ring of Psychosis {Drain +Blink Fly rN+
                  | Dex+2}
 42751 | Lair:2   | Learned a level 4 spell: Cause Fear
 43091 | Snake:2  | Found a transporter.
 43155 | Snake:2  | Found a transporter.
 43315 | Snake:2  | Identified the +9 quarterstaff of Ygit {distort, rC+ Dex+2}
 43586 | Snake:2  | Noticed Jorgrun
 44206 | Snake:2  | Constricted to death by Jorgrun

Illustrated notes

Levels and vault maps discovered:
D:1:      lemuel_arrival_broad_hall, layout_basic,
          shapermc_ecumenical_altar_flowoftime, minmay_octomino_e4
D:2:      layout_loops_ring, dreamdust_princess_bridge, hangedman_decor_points,
          uniq_natasha
D:3:      layout_loops_ring, chequers_temple_overflow_statue_of_worship
D:4:      corexii_shack_village, layout_loops_ring, uniq_grinder
D:5:      nicolae_cairo_tiling_large, layout_loops_ring, amcnicky_altar_gilded
D:6:      layout_gridville, mainiacjoe_overflow_alcove_2,
          pdpol_wu_jian_five_deadly_venoms, nicolae_overflow_hidden_temple,
          uniq_menkaure
D:7:      minmay_polygon_palace, layout_loops_ring,
          minmay_temple_entry_overgrown, dk_vineyard_1
D:8:      layout_rooms, minmay_three_doors, uniq_maurice, uniq_pikel
D:9:      nzn_winding_woodlands_stair_cross [nzn_winding_woodlands_5x15_pool,
          nzn_winding_woodlands_center_garden,
          nzn_winding_woodlands_5x15_sidewinder,
          nzn_winding_woodlands_hourglass, nzn_winding_woodlands_5x5_three,
          nzn_winding_woodlands_5x15_eye,
          nzn_winding_woodlands_center_triple_pond,
          nzn_winding_woodlands_5x15_sawtooth], layout_rooms, serial_shops,
          shop, minmay_fractal_squares_5, uniq_gastronok, uniq_erica
D:10:     layout_basic, dk_noncrumbling_4
D:11:     layout_irregular_city, erik_lair_orcish_takeover,
          gauntlet_entry_generic, nicolae_vehumet_radiance
D:12:     layout_loops_ring, orc_0_dummy
D:13:     layout_small_grid, chequers_garden, minmay_crystal_box, uniq_snorg,
          uniq_erolcha, uniq_urug
D:14:     layout_rooms, hangedman_vaults_entry_quadrant_bands,
          skrybe_limestone_x, grunt_ministairs_11, uniq_louise
D:15:     grunt_enter_depths_hoard, layout_layer_cave,
          chequers_serial_rivers_micro_b, hangedman_decor_opposing
Temple:   nicolae_temple_no_exploring_needed
Lair:1:   layout_roguey, beast_lair_carwin_4, infiniplex_staircase_pool
Lair:2:   layout_gridlike, guppyfry_snake_entry_island
Lair:3:   layout_roguey [special_room_bee], palyth_hydra_swamp_entry,
          serial_bayou, serial_bayou_pond_a, serial_bayou_pond_a,
          serial_bayou_lake_a, serial_bayou_lagoon_a, beast_lair_carwin_5,
          serial_bayou_shore_b, infiniplex_staircase_pool_2,
          serial_bayou_shore_a, uniq_sonja
Lair:4:   layout_layer_cave, slime_entry_1
Lair:5:   minmay_lair_end_enchanted_forest, layout_gridlike,
          gammafunk_ghost_berserking_beasts
Swamp:1:  layout_falls_marsh, serial_swamp_ruin, evilmike_swamp_ruin_rubble_2,
          evilmike_swamp_ruin_house_5, hangedman_swamp_ruin_hall, uniq_donald
Swamp:2:  layout_basic_swamp, nicolae_swamp_dense_foliage, uniq_kirke
Swamp:3:  layout_basic_swamp, nicolae_swamp_tree_designs, swamp_pool2
Swamp:4:  byrel_swamp_growth_death_and_undeath, layout_basic_swamp, swamp_pool1
Snake:1:  layout_misc_corridors, serial_shops, shop, grunt_megastairs_4
Snake:2:  gammafunk_sealed_arena, layout_layer_cave, uniq_jorgrun
Orc:1:    layout_diamond_mine
Orc:2:    pubby_orc_utopia

Skill      XL: |  1  2  3  4  5  6  7  8  9 10 11 12 13 14 15 16 17 |
---------------+----------------------------------------------------+-----
Stealth        | 5 6 7 9 10 11 13 15 | 15.0
Shields        | 1 2 3 4 7 10 | 10.0
Fighting       | 1 2 3 4 5 7 9 10 | 10.6
Short Blades   | 2 3 4 5 7 8 10 | 10.9
Hexes          | 5 6 7 9 10 13 15 | 15.0
Dodging        | 3 4 5 6 7 9 10 | 10.9
Spellcasting   | 3 4 5 6 |  6.2
Ice Magic      | 1 2 3 4 5 6 9 10 | 10.0
Invocations    | 2 4 7 10 11 | 11.0
Transmutations | 3 5 7 8 |  8.0
Air Magic      | 3 5 8 9 |  9.0
Earth Magic    | 3 5 7 8 |  8.0

Action                   |  1- 3 |  4- 6 |  7- 9 | 10-12 | 13-15 | 16-18 || total
-------------------------+-------+-------+-------+-------+-------+-------++-------
Melee: Dagger            |    58 |   157 |   178 |   319 |   788 |   731 ||  2231
       Bite              |     8 |    16 |    12 |    36 |    81 |   112 ||   265
 Cast: Ensorcelled Hiber |       |    11 |    55 |   121 |   333 |   121 ||   641
       Confusing Touch   |       |     1 |    13 |    14 |    27 |    68 ||   123
       Dazzling Flash    |       |       |       |       |    33 |    51 ||    84
       Swiftness         |       |       |       |       |     6 |     1 ||     7
       Passwall          |       |       |       |       |     2 |       ||     2
       Tukima's Dance    |       |       |       |       |     5 |       ||     5
       Cause Fear        |       |       |       |       |       |     3 ||     3
Invok: Minor Destruction |       |       |       |       |       |    31 ||    31
       Major Destruction |       |       |       |       |       |     1 ||     1
 Abil: Exsanguinate      |     1 |       |       |       |       |       ||     1
Evoke: Wand              |       |       |       |       |     7 |     9 ||    16
  Use: Potion            |     1 |       |     1 |     4 |     9 |     6 ||    21
       Scroll            |       |     9 |     7 |     9 |    11 |    17 ||    53
 Stab: Sleeping          |    16 |    19 |    64 |    96 |   242 |   134 ||   571
       Distracted        |       |     1 |     2 |     8 |    12 |     4 ||    27
       Confused          |       |     1 |     8 |    20 |    28 |    58 ||   115
       Invisible         |       |       |       |     5 |    65 |    47 ||   117
Armor: Robe              |     7 |     8 |     8 |    22 |    83 |       ||   128
       Acid dragon scale |       |       |       |       |    21 |   214 ||   235
Dodge: Dodged            |     8 |    54 |    55 |   110 |   579 |   444 ||  1250
Block: Buckler           |    25 |    52 |    85 |   147 |   561 |   414 ||  1284
       Reflection        |     1 |     1 |     8 |    25 |     8 |    40 ||    83
